 Dungeon Crawl Stone Soup version 0.29.1-1-gd02db6906a (webtiles) character file.

Game seed: 15916707627964272084

118 raistware the Magician (level 5, -6/31 HPs)
             Began as an Octopode Conjurer on Sept 20, 2022.
             Killed by miscasting Iskenderun's Mystic Blast (11 damage)
             ... on level 2 of the Dungeon.
             The game lasted 00:02:55 (1922 turns).

raistware the Magician (Octopode Conjurer)          Turns: 1922, Time: 00:02:55

Health: -6/31      AC:  1    Str:  6    XL:     5   Next: 2%
Magic:  2/11       EV: 13    Int: 22    God:
Gold:   56         SH:  0    Dex: 11    Spells: 7/12 levels left

rFire   . . .      SeeInvis .   (no weapon)
rCold   . . .      Faith    .   (no shield)
rNeg    . . .      Spirit   .   (helmet restricted)
rPois   .          Reflect  .   f - amulet of magic regeneration
rElec   .          Harm     .   (no ring)
rCorr   .          Rampage  .   (no ring)
Will    .....                   (no ring)
Stlth   +++.......              (no ring)
HPRegen 0.10/turn               (no ring)
MPRegen 0.52/turn               (no ring)
                                (no ring)
                                (no ring)

@: brilliant, very slightly contaminated
A: almost no armour, amphibious, 8 rings, camouflage 1, gelatinous body 1,
(nimble swimmer 1), tentacles
a: no special abilities


You were on level 2 of the Dungeon.
You visited 1 branch of the dungeon, and saw 2 of its levels.

You collected 56 gold pieces.

Inventory:

Jewellery
 f - an amulet of magic regeneration (around mantle)
 h - a ring of poison resistance
Scrolls
 c - 2 scrolls of identify {unknown}
 e - 2 scrolls of vulnerability {unknown}
Potions
 a - 2 potions of magic
 b - a potion of brilliance
 d - a potion of ambrosia {unknown}
 g - a potion of berserk rage {unknown}
 i - a potion of curing {unknown}


   Skills:
 - Level 2.0 Dodging
 - Level 3.0 Stealth
 + Level 4.1 Spellcasting
 - Level 4.0 Conjurations
 - Level 2.0 Translocations


You had 7 spell levels left.
You knew the following spells:

 Your Spells              Type           Power      Damage    Failure   Level
a - Magic Dart            Conj           100%       1d8       2%          1
b - Iskenderun's Mystic   Conj/Tloc      26%        2d7       32%         4

Your spell library contained the following spells:

 Spells                   Type           Power      Damage    Failure   Level
 Searing Ray              Conj           66%        2d6       3%          2
 Dazzling Flash           Conj/Hex       38%        N/A       14%         3
 Gell's Gravitas          Tloc           19%        N/A       14%         3
 Teleport Other           Tloc           19%        N/A       14%         3
 Fulminant Prism          Conj/Hex       9%         3d7       43%         4
 Dispersal                Tloc           9%         N/A       100%        6


Dungeon Overview and Level Annotations

Branches:
Dungeon (2/15)

Altars:

Shops:
D:1 ?


Innate Abilities, Weirdness & Mutations

You cannot wear most types of armour.
You are amphibious.
You can wear up to eight rings at the same time.
Your skin changes colour to match your surroundings (Stealth+).
Your rubbery body absorbs attacks. (AC +1, EV +1)
((You are camouflaged when in or above water. (Stealth+)))
You have tentacles for arms and can constrict up to eight enemies at once.


Message History

The magic dart hits the gnoll.
The gnoll is heavily wounded.
The gnoll barely misses you.
A goblin comes into view. It is wielding a +0 dagger of speed.
The magic dart hits the gnoll.
The gnoll is almost dead.
The gnoll misses you.
The magic dart hits the gnoll.
You kill the gnoll!
The magic dart hits the gnoll.
The gnoll is lightly wounded.
The magic dart hits the gnoll.
The gnoll is heavily wounded.
The gnoll hits you with a +0 club!
The magic dart hits the gnoll.
The gnoll is heavily wounded.
The gnoll hits you with a +0 club. The gnoll barely misses you.
The magic dart hits the gnoll.
The gnoll is almost dead.
The gnoll hits you with a +0 club. The gnoll barely misses you.
You tentacle-slap the gnoll. You grab the gnoll. You squeeze the gnoll.
You kill the gnoll!
The gnoll hits you from afar with a +0 spear!
* * * LOW HITPOINT WARNING * * *
Training target 2.0 for Translocations reached!
Your Translocations skill increases to level 2!
You need to enable at least one skill for training.
You have reached level 5!
You feel agile.
It was a potion of brilliance.
You feel clever all of a sudden.
The gnoll hits you from afar with a +0 spear.
* * * LOW HITPOINT WARNING * * *
Casting: Magic Dart (safe; 2% risk of failure)
Confirm with . or Enter, or press ? or * to list all spells.
The spell is extremely dangerous to miscast (32% risk of failure)!
Continue anyway?
You feel a surge of power!
You miscast Iskenderun's Mystic Blast.
You are very lightly contaminated with residual magic.
The air around you crackles with energy!
You die...

##.###.##
#####.###
##.#.##
#.# ##.##
#. #.#
#.# #.###
#...#
###.# #@#
#)# #g#
#g# #)#
#.# #.#
#..


You could see a gnoll and a goblin.

Vanquished Creatures
  A hound (D:2)
  3 gnolls (D:2)
  An adder (D:2)
  A dart slug (D:2)
  4 endoplasms
  A giant cockroach (D:1)
  3 goblins
  3 hobgoblins
  5 jackals
  3 quokkas
  4 ball pythons
  9 bats
  3 frilled lizards
  4 kobolds
45 creatures vanquished.

Notes
Turn   | Place    | Note
-------+----------+-------------------------------------------
     0 | D:1      | raistware the Octopode Conjurer began the quest for the
                  | Orb.
     0 | D:1      | Reached XP level 1. HP: 11/11 MP: 3/3
   159 | D:1      | Found Tiqi's Magic Scroll Shoppe.
   465 | D:1      | Reached XP level 2. HP: 17/17 MP: 3/5
  1051 | D:1      | Reached XP level 3. HP: 21/21 MP: 2/7
  1379 | D:1      | Found Darubbyunn's Distillery.
  1708 | D:2      | Reached XP level 4. HP: 27/27 MP: 7/9
  1713 | D:2      | Learned a level 4 spell: Iskenderun's Mystic Blast
  1732 | D:2      | Reached skill level 1 in Translocations
  1921 | D:2      | Reached XP level 5. HP: 9/31 MP: 4/11
  1922 | D:2      | Killed by miscasting Iskenderun's Mystic Blast

Illustrated notes

Levels and vault maps discovered:
D:1:      matt_arrival_spirals, layout_loops_corners, serial_shops, shop, shop,
          st_stairs_2
D:2:      layout_loops_cross, ebering_ecumenical_altar_abandoned,
          minmay_fractal_squares_5

Skill      XL: |  1  2  3  4 |
---------------+-------------+-----
Spellcasting   | 3 4 |  4.1
Stealth        | 3 |  3.0
Translocations | 2 |  2.0
Dodging        | |  2.0
Conjurations   | |  4.0

Action                   |  1- 3 |  4- 6 || total
-------------------------+-------+-------++-------
Melee: Unarmed           |    17 |     1 ||    18
       Constrict         |     5 |     1 ||     6
       Tentacles         |     1 |     1 ||     2
 Cast: Magic Dart        |    74 |    24 ||    98
  Use: Potion            |       |     1 ||     1
Armor: Skin              |     8 |     1 ||     9
Dodge: Dodged            |    22 |    10 ||    32
